AoeStats
← NPG | gab

Arabia

509100501Analyzed
2v2 RM · 7d ago on Sep 25, 2026· 29m 1s· 4 players
Game mode
Random Map
Map size
Medium (4 player)
Population
200
Speed
Normal
Resources
Standard
Victory
Conquest
Starting age
Dark Age
Ending age
Imperial Age
RankedLock teamsTeams togetherTeam positionsShared explorationLock speedFull tech treeHidden civsTurbo modeCheats
Victory
Defeat
🇧🇷 Sicilians · Brazil
1000
+48
🇹🇼 Mongols · Taiwan
984
+17
🇦🇷 Poles · Argentina
1010
-17
🇦🇷 Lithuanians · Argentina
989
-16
D9019819
3:23 Loom
10:32 Feudal Age
18:10 Bloodlines
21:51 Castle Age
19:46 Town Watch
20:11 Horse Collar
20:18 Double-Bit Axe
24:03 Bow Saw
24:36 Fletching
24:50 Padded Archer Armor
26:31 Town Patrol
28:51 Husbandry
Leo Javier
6:50 Loom
9:02 Feudal Age
9:30 Double-Bit Axe
18:43 Town Watch
21:36 Castle Age
20:30 Scale Mail Armor
21:07 Forging
22:17 Squires
24:23 Iron Casting
24:22 Chain Mail Armor
24:47 Arson
25:22 Gold Mining
26:15 Wheelbarrow
25:22 Horse Collar
27:03 Fletching
28:14 Bodkin Arrow
28:08 Gambesons
NPG | gab
12:34 Feudal Age
18:04 Castle Age
16:03 Double-Bit Axe
17:50 Fletching
18:30 Scale Barding Armor
20:03 Loom
20:47 Chain Barding Armor
MarionChip
11:08 Feudal Age
11:57 Loom
22:08 Wheelbarrow
22:05 Double-Bit Axe
22:41 Horse Collar
29:05 Castle Age
27:44 Bloodlines
27:45 Fletching
Connection lost

Rejoining the realm…

Still unreachable

The connection could not be restored.

Session expired

The server has moved on; the page needs a fresh start.